Unix NetHack Version 5.0.0-0 post-release - last build Jun 10 2026 00:39:30 (3ee93aec679c4c4259841fe613dc97188e26a321,branch:main).

Game began 2026-07-08 11:04:26, ended 2026-07-08 11:16:56.

Anarchos, lawful female dwarven Valkyrie

                                                                      --------
                                         ----------------             |......|
                                        @&d.{...........|             |......|
                                        &|..............|             |......|
                                         |..............|             |......|
                                         |..............|             ------.-
                                         --------.-------                   #
                                                 #                          #
                                                 #                         ##
                                                 #                        ##
                                                 ##                     ###
                                                  #               ------|-
                                                  #               |......|
                                                  ##             #-......|
                                              -----.-----        #|<.....|
                                              |F........|   ######|.{....|
                                              |.........-####     |......|
                                              |......>..|         --------
                                              -----------

Anarchos the Skirmisher     St:15 Dx:12 Co:20 In:10 Wi:9 Ch:13  Lawful
Dlvl:4  $:35 HP:0(53) Pw:7(7) AC:0  Xp:4 T:1388 

Latest messages:
 You miss the water demon.
 The water demon hits!
 The water demon misses!
 The water demon misses!
 What do you want to drink? [hikzCD or ?*] D
 You feel better.
 Your movements are now unencumbered.
 The water demon just misses!
 The water demon just misses!
 The water demon bites!
 What do you want to throw? [$bI or ?*] b
 In what direction? 6
 The dagger misses the water demon.
 The water demon misses!
 The water demon hits!
 The water demon just misses!
 You don't have anything to zap.
 You miss the water demon.
 The water demon hits!
 The water demon hits!
 The water demon bites!
 You miss the water demon.
 A nalfeshnee appears in a cloud of smoke!
 The water demon hits!
 The water demon misses!
 The water demon bites!
 You miss the water demon.
 The water demon hits!
 The water demon hits!
 The water demon misses!
 You miss the water demon.
 The nalfeshnee hits!
 The nalfeshnee hits again!
 The nalfeshnee bites!
 The nalfeshnee casts a spell!
 The nalfeshnee is suddenly moving faster.
 The water demon hits!
 The water demon hits!
 The water demon misses!
 What do you want to read? [uvBQ or ?*] B
 You begin to memorize the runes.
 The nalfeshnee hits!
 You stop studying.
 The nalfeshnee hits again!
 The nalfeshnee bites!
 The nalfeshnee points all around, then curses.
 The water demon hits!
 The water demon hits!
 You die...
 Do you want your possessions identified? [ynq] (y) q

Inventory:
 Coins    ('$')
  $ - 35 gold pieces
 Weapons  (')')
  I - a +0 crossbow
  a - a corroded +1 dwarvish spear (weapon in right hand)
 Armor    ('[')
  c - an uncursed +3 small shield (being worn)
  G - a blessed +1 alchemy smock with text "Rat: The other white meat"
  O - an uncursed +0 banded mail (being worn)
 Comestibles  ('%')
  d - 2 uncursed food rations
  t - an uncursed tripe ration
  R - an uncursed acid blob corpse
  q - 3 uncursed lichen corpses
 Scrolls  ('?')
  Q - an uncursed scroll of teleportation
 Spellbooks  ('+')
  v - an uncursed spellbook of detect food
  u - an uncursed spellbook of force bolt
  B - an uncursed spellbook of healing
 Potions  ('!')
  i - an uncursed potion of booze
  k - a cursed potion of confusion
  C - a cursed potion of gain energy
  D - a cursed potion of healing
  h - an uncursed potion of restore ability
  z - an uncursed potion of water
 Rings    ('=')
  w - an uncursed ring of warning
 Gems/Stones  ('*')
  E - 2 uncursed worthless pieces of black glass
  j - an uncursed worthless piece of green glass
  g - a cursed worthless piece of green glass
  x - an uncursed worthless piece of violet glass

Anarchos the Valkyrie's attributes:

Background:
 You were a Skirmisher, a level 4 dwarven Valkyrie.
 You were lawful, nominally on a mission for Tyr
 who was opposed by Odin (neutral) and Loki (chaotic).
 You were right-handed.
 You were in the Dungeons of Doom, on level 4.
 You entered the dungeon 1388 turns ago.
 You had 82 experience points, 78 more were needed to attain level 5.

Basics:
 You had 0 out of 53 hit points.
 You had all 7 energy points (spell power).
 Your armor class was 0.
 Your wallet contained 35 zorkmids.
 Autopickup was on for all types.

Final Characteristics:
 Your strength was 15 (limit:18/100).
 Your dexterity was 12 (limit:20).
 Your constitution was 20 (limit:20).
 Your intelligence was 10 (limit:16).
 Your wisdom was 9 (limit:16).
 Your charisma was 13 (limit:16).

Final Status:
 You weren't hungry.
 You were unencumbered.
 You were wielding a spear.
 You had basic skill with spear.

Final Attributes:
 You were devoutly aligned.
 You were cold resistant.
 You had infravision.
 You were stealthy.
 You were warded.
 You are dead.

Miscellaneous:
 You didn't encounter any bones levels.
 Total elapsed playing time was 12 minutes and 29 seconds.

Major events:
 Turn
    1: Anarchos the lawful dwarven Valkyrie entered the dungeon
  825: attained the rank of Skirmisher (level 3)
 1388: killed by a water demon

You didn't know any spells.

Skills:
 Fighting Skills
   bare handed combat [Unskilled]
   two weapon combat  [Unskilled]
   riding             [Unskilled]
 Weapon Skills
   dagger             [Basic]
   axe                [Unskilled]
   pick-axe           [Unskilled]
   short sword        [Unskilled]
   broadsword         [Unskilled]
   long sword         [Unskilled]
   two-handed sword   [Unskilled]
   saber              [Unskilled]
   hammer             [Unskilled]
   quarterstaff       [Unskilled]
   polearms           [Unskilled]
   spear              [Basic]
   trident            [Unskilled]
   lance              [Unskilled]
   sling              [Unskilled]
 Spellcasting Skills
   attack spells      [Unskilled]
   escape spells      [Unskilled]

Voluntary challenges:
 Character rerolling was not enabled.
 You were an atheist.
 You never genocided any monsters.
 You never polymorphed an object.
 You used no wishes.
Achievements:
 You entered a shop.
 You attained the rank of Skirmisher.

 The Dungeons of Doom: levels 1 to 4
    Level 1:
       A fountain.
    Level 2:
    Level 3:
       A weapon shop.
    Level 4: <- You were here.
       A fountain, a sink.
       Final resting place for
          you, killed by a water demon.


Vanquished creatures:
  a small mimic
  a dwarf zombie
  a wererat
 an acid blob
  a coyote
  a yellow mold
  a gecko
  3 jackals
  2 sewer rats
  3 grid bugs
  6 lichens
  4 newts
25 creatures vanquished.

No species were genocided or became extinct.

Game over:
                       ----------
                      /          \
                     /    REST    \
                    /      IN      \
                   /     PEACE      \
                  /                  \
                  |     Anarchos     |
                  |      35 Au       |
                  |   killed by a    |
                  |   water demon    |
                  |                  |
                  |                  |
                  |       2026       |
                 *|     *  *  *      | *
        _________)/\\_//(\/(/\)/\//\/|_)_______

Farvel Anarchos the Valkyrie...

You died in The Dungeons of Doom on dungeon level 4 with 520 points,
and 35 pieces of gold, after 1388 moves.
You were level 4 with a maximum of 53 hit points when you died.

